 Dungeon Crawl Stone Soup version 0.24.0-13-gcf9b319 (webtiles) character file.

Game seed: 13900147030279062908, levelgen mode: deterministic

77 Bronimir the Poker (level 4, 0/37 HPs)
             Began as a Centaur Gladiator on Apr 10, 2020.
             Succumbed to an adder's poison
             ... on level 3 of the Dungeon.
             The game lasted 00:03:08 (2286 turns).

Bronimir the Poker (Centaur Gladiator)              Turns: 2286, Time: 00:03:08

Health: 0/37       AC:  5    Str: 18    XL:     4   Next: 13%
Magic:  4/4        EV: 10    Int:  7    God:
Gold:   67         SH:  0    Dex: 10    Spells: 3/3 levels left

rFire    . . .     SeeInvis .   a - +0 trident
rCold    . . .     Gourm    .   (no shield)
rNeg     . . .     Faith    .   b - +0 leather armour
rPois    .         Spirit   .   c - +0 helmet
rElec    .         Reflect  .   (no cloak)
rCorr    .         Harm     .   (no gloves)
MR       .....                  (no barding)
Stlth    ..........             (no amulet)
HPRegen  0.12/turn              (no ring)
MPRegen  0.09/turn              (no ring)

@: lethally poisoned (0 -> -3), very quick
A: large, hooves 3, deformed body, speed 2, tough skin 3
a: no special abilities


You were on level 3 of the Dungeon.
You were hungry.

You visited 1 branch of the dungeon, and saw 3 of its levels.

You collected 67 gold pieces.

Inventory:

Hand Weapons
 a - a +0 trident (weapon)
Missiles
 d - 4 throwing nets
 e - 49 arrows
 g - 41 stones
 m - 17 bolts
 o - 4 silver javelins (quivered)
Armour
 b - a +0 leather armour (worn)
 c - a +0 helmet (worn)
Wands
 s - a wand of random effects (22)
Scrolls
 h - 3 scrolls of identify {unknown}
 i - 3 scrolls of teleportation {unknown}
 p - 2 scrolls of remove curse {unknown}
 q - 2 scrolls of amnesia {unknown}
Potions
 j - a potion of lignification {unknown}
 k - a potion of cancellation {unknown}
 l - 2 potions of flight {unknown}
 n - 2 potions of curing {unknown}
 r - a potion of agility {unknown}
Comestibles
 f - 3 rations


   Skills:
 * Level 2.4 Fighting
 * Level 3.6 Polearms
 + Level 2.5 Throwing
 * Level 0.7 Armour
 * Level 2.5 Dodging


You had 3 spell levels left.
You didn't know any spells.
Your spell library was empty.

Dungeon Overview and Level Annotations

Branches:
Dungeon (3/15)

Altars:
Fedhas
Qazlal
The Shining One

Annotations:
D:3 Natasha


Innate Abilities, Weirdness & Mutations

You have hooves in place of feet.
Armour fits poorly on your strangely shaped body.
You cover ground very quickly.
You have extremely tough skin. (AC +3)


Message History

Natasha closely misses you.
You hit Natasha.
Natasha is heavily wounded.
The adder bites you.
You are poisoned.
The adder poisons you! The shadow imp gestures at you.
Pain shoots through your body!
* * * LOW HITPOINT WARNING * * *
Natasha claws you.
* * * LOW HITPOINT WARNING * * *
The adder closely misses you.
* * * LOW HITPOINT WARNING * * *
You feel sick.
Natasha mumbles some strange words.
* * * LOW HITPOINT WARNING * * *
You feel sick.
The shadow imp disappears in a puff of smoke!
The bat closely misses you.
You die...

#.......... #..........
#..........
#............
#............
###............
#####..Sh..........
######..##.#b........(..
#.......##@#..§.........
#.......##.#5..5........
#..........#............
#.......####...†.......<
#.....†.# #............
#.......# #............
#.......# #.......$....
#.......# #............
##'####### #............


There were no monsters in sight!

Vanquished Creatures
  An adder (D:2)
  2 oozes
  2 worms
  A dart slug (D:1)
  3 leopard geckos
  3 giant cockroaches
  6 goblins
  4 hobgoblins (D:1)
  2 jackals (D:1)
  5 kobolds
  6 bats
  2 frilled lizards (D:1)
  12 rats
49 creatures vanquished.

Notes
Turn   | Place    | Note
-------+----------+-------------------------------------------
     0 | D:1      | Bronimir the Centaur Gladiator began the quest for the Orb.
     0 | D:1      | Reached XP level 1. HP: 17/17 MP: 1/1
   169 | D:1      | Reached skill level 3 in Polearms
   170 | D:1      | Reached XP level 2. HP: 22/24 MP: 2/2
   791 | D:1      | Reached XP level 3. HP: 30/30 MP: 3/3
  1214 | D:2      | Found a glowing golden altar of the Shining One.
  1386 | D:2      | Found a blossoming altar of Fedhas.
  1462 | D:2      | Found a stormy altar of Qazlal.
  1644 | D:2      | Reached XP level 4. HP: 37/37 MP: 4/4
  2268 | D:3      | Noticed Natasha
  2283 | D:3      | HP: 1/37 [poisoned by an adder]
  2286 | D:3      | Succumbed to an adder's poison

Levels and vault maps discovered:
D:1:      dpeg_arrival_another_circle, layout_basic, minmay_ruptured
D:2:      layout_loops_corners, tso_metal_star, old_standard_altar,
          first_ration, minmay_crystal_water, minmay_misc_feat_roman,
          fedhas_altar_4
D:3:      layout_basic, nicolae_overflow_crystal_walls,
          wander_ebering_terrifying_dragon_lair, uniq_natasha

Skill      XL: |  1 |
---------------+----+-----
Polearms       | 3 |  3.6
Fighting       | |  2.4
Throwing       | |  2.5
Armour         | |  0.7
Dodging        | |  2.5

Action                   |  1- 3 |  4- 6 || total
-------------------------+-------+-------++-------
Melee: Trident           |   100 |    22 ||   122
       Kick              |    13 |     4 ||    17
Throw: Javelin           |     2 |       ||     2
  Eat: Chunk             |     1 |     1 ||     2
Armor: Leather armour    |    37 |     4 ||    41
Dodge: Dodged            |    31 |    20 ||    51
